 Dungeon Crawl Stone Soup version 0.18.1-48-g4cf74bf (webtiles) character file.

134159 Galewin the Severer (level 16, -22/204 HPs)
             Began as a Minotaur Berserker on Aug 5, 2016.
             Was a High Priest of Trog.
             Killed from afar by a Hell Sentinel (39 damage)
             ... with damnation
             ... created by a Zot trap
             ... on level 4 of the Swamp.
             The game lasted 01:25:14 (21959 turns).

Galewin the Severer (Minotaur Berserker)           Turns: 21959, Time: 01:25:16

Health: -22/204    AC: 35    Str: 30    XL:     16   Next: 61%
Magic:  5/5        EV: 20    Int:  0    God:    Trog [*****.]
Gold:   2125       SH:  0    Dex: 20    Spells: 0 memorised, 15 levels left

rFire  . . .     SeeInvis .     I - +9 battleaxe (antimagic)
rCold  . . .     Gourm    .     M - +12 plate armour "Miyqumiyri" {rF- Int-5 Dex+7 Stlth+}
rNeg   . . .     Faith    .     (shield currently unavailable)
rPois  .         Spirit   .     (helmet restricted)
rElec  .         Dismiss  .     a - +1 cloak
rCorr  .         Reflect  .     K - +0 pair of gloves {rF+}
SustAt .         Harm     .     (no boots)
MR     +....                    s - amulet of regeneration
Stlth  ..........               (no ring)
                                h - ring of stealth

@: berserking, slowed, lost intelligence, somewhat resistant to hostile
enchantments, extremely unstealthy
A: retaliatory headbutt, horns 2
a: Berserk, Trog's Hand, Brothers in Arms, Burn Spellbooks, Renounce Religion


You were on level 4 of the Swamp.
You worshipped Trog.
Trog was extremely pleased with you.
You were not hungry.

You visited 4 branches of the dungeon, and saw 29 of its levels.
You also visited: Volcano.

You collected 3223 gold pieces.
You spent 1098 gold pieces at shops.

Inventory:

Hand Weapons
 I - a +9 antimagic battleaxe (weapon)
Armour
 a - a +1 cloak (worn)
 K - a +0 pair of gloves of fire resistance (worn)
 M - the +12 plate armour "Miyqumiyri" (worn) {rF- Int-5 Dex+7 Stlth+}
   (You bought it in a shop on level 2 of the Orcish Mines)

   It affects your intelligence (-5).
   It affects your dexterity (+7).
   It makes you vulnerable to fire.
   It makes you more stealthy.
Jewellery
 h - a ring of stealth (left hand)
 s - an amulet of regeneration (around neck)
 C - an uncursed amulet of guardian spirit {unknown}
 P - an uncursed ring of protection from cold
 S - an uncursed ring of flight
Wands
 j - a wand of lightning (13/15)
 q - a wand of heal wounds (1/9)
 t - a wand of slowing (11/48)
 y - a wand of digging (4/24)
 D - a wand of teleportation (9/9)
 Q - a wand of digging (16/24)
 R - a wand of acid (4/15)
Scrolls
 f - 9 scrolls of remove curse
 g - 4 scrolls of fog
 i - a scroll of immolation {unknown}
 o - 8 scrolls of teleportation
 r - 9 scrolls of identify
 v - 4 scrolls of magic mapping
 z - 7 scrolls of recharging
 A - 2 scrolls of noise {unknown}
 B - 7 scrolls of blinking {unknown}
 E - 4 scrolls of acquirement
 G - a scroll of enchant weapon
 H - a scroll of brand weapon {unknown}
 L - a scroll of holy word {unknown}
 T - a scroll of fear {unknown}
Potions
 b - a potion of haste
 d - 2 potions of cure mutation {unknown}
 e - 9 potions of flight
 k - 5 potions of agility
 l - 6 potions of heal wounds
 p - 9 potions of curing
 u - 2 potions of berserk rage {unknown}
 w - 2 potions of cancellation
 x - 6 potions of might
 F - 3 potions of brilliance {unknown}
 J - a potion of resistance {unknown}
 N - 2 potions of lignification {unknown}
Books
 O - a book of Dreams

   Spells                             Type                      Level
   a - Ensorcelled Hibernation        Hexes/Ice                    2
   b - Silence                        Hexes/Air                    5
   c - Darkness                       Hexes                        6
   d - Shadow Creatures               Summoning                    6
   Trog disapproves of the use of such an item.
Comestibles
 c - 11 bread rations
 m - 13 beef jerkies
 n - 6 meat rations


   Skills:
 + Level 10.9 Fighting
 - Level 20.6 Axes
 * Level 19.0 Armour
 + Level 15.9 Dodging


You had 15 spell levels left.
You didn't know any spells.

Dungeon Overview and Level Annotations

Branches:
Dungeon (15/15)            Temple (0/1) D:7            Lair (8/8) D:10
  Swamp (4/4) Lair:5       Spider (0/4) Lair:6        Slime (0/6) Lair:7
    Orc (2/2) D:11            Elf (0/3) Orc:2        Vaults (0/5) D:14
 Depths (0/5) D:15

Altars:
Ashenzari
Fedhas
Gozag
Kikubaaqudgha
Nemelex Xobeh
Okawaru
Pakellas
Qazlal
Ru
Trog
Vehumet
Xom
Yredelemnul
The Shining One
Beogh
Jiyva

Shops:
D:12 :   D:15 %   Orc:2 [?!*


Innate Abilities, Weirdness & Mutations

You reflexively headbutt those who attack you in melee.
You have a pair of horns on your head.


Message History

The Hell Sentinel hits you but does no damage. x2
You cut the Hell Sentinel into ribbons!!!
The Hell Sentinel's magic leaks into the air.
You headbutt the Hell Sentinel!
The Hell Sentinel is almost dead.
You slash the Hell Sentinel!
The Hell Sentinel's magic leaks into the air.
You headbutt the Hell Sentinel.
The Hell Sentinel is almost dead.
The Hell Sentinel hits you!
* * * LOW HITPOINT WARNING * * *
The Hell Sentinel misses you.
You are struck by the Hell Sentinel's spines.
* * * LOW HITPOINT WARNING * * *
You barely miss the Hell Sentinel.
You headbutt the Hell Sentinel, but do no damage.
The Hell Sentinel is almost dead.
The Hell Sentinel gestures at you.
The damnation unfurls!
The damnation engulfs you!
You die...

♣♣ ♣♣♣≈♣♣♣ ♣≈≈≈§.♣ ♣. ♣♣
♣.≈≈≈.♣♣♣ ≈..≈ ♣..♣
♣≈≈≈≈...♣..≈≈≈ ...≈.
♣♣♣.≈@...≈≈≈≈ §≈≈≈.
♣♣♣♣♣♣≈.≈.1≈≈≈≈≈≈. ..≈≈
♣♣♣♣♣♣♣.≈...≈≈≈≈§≈≈≈≈§.(
♣.≈
♣≈..♣♣.≈≈≈≈≈≈≈≈≈≈≈≈♣...♣
♣.≈
♣≈.♣♣♣.§≈≈≈≈≈§..≈≈.≈..≈♣
♣≈
♣≈♣♣♣.≈≈≈≈≈≈≈≈≈.≈≈≈♣♣♣♣♣
♣♣ ♣..♣♣.≈≈≈≈≈≈≈≈≈≈≈≈≈♣
♣ ♣...♣♣≈≈≈≈≈≈≈≈≈≈.♣♣≈♣
♣♣♣♣♣
♣≈≈†≈..≈≈≈...≈≈≈≈..≈♣
♣≈..♣♣


You could see a Hell Sentinel.

Vanquished Creatures
  Rupert (D:13)
  Gastronok (D:11)
  6 thorn hunters
  A very ugly thing (Swamp:1)
  The ghost of dearth the Severer, a journeyman HOFi of Okawaru (D:13)
  Nessos (D:15)
  A fire dragon (Lair:8)
  3 vault guards (D:14)
  Josephine (Lair:4)
  Harold (D:10)
  2 centaur warriors
  12 hydras
  2 ghost crabs
  2 catoblepae
  4 ogre magi
  5 alligators
  10 death yaks
  Urug (Lair:2)
  2 orc high priests (Orc:2)
  2 spriggans
  A skeletal warrior (D:15)
  2 spriggan druids
  4 shambling mangroves
  3 unseen horrors
  5 swamp dragons
  6 hill giants
  The ghost of junkhipster the Covered, a novice GrFi of Cheibriados (D:7)
  A shadow dragon zombie (D:15)
  A phantasmal warrior (D:15)
  A wolf spider zombie (D:11)
  A deep elf mage (D:13)
  3 orc knights
  An orb spider (Lair:6)
  A necromancer (D:15)
  A frost giant zombie (D:15)
  2 orc sorcerers
  An ugly thing (Swamp:4)
  3 hornets (Swamp:2)
  3 manticores
  4 cyclopes
  Maurice (Orc:2)
  4 elephants (Lair:5)
  An orange demon (Swamp:4)
  10 spiny frogs
  3 black mambas
  5 centaur skeletons
  8 rime drakes
  A freezing wraith (D:12)
  A kobold demonologist (D:14)
  8 komodo dragons
  An efreet (D:14)
  An elf skeleton (D:15)
  A harpy zombie (D:14)
  13 two-headed ogres
  2 polar bears
  10 trolls
  A guardian mummy (D:15)
  3 giant leeches
  A wolf spider simulacrum (D:15)
  Grinder (D:4)
  16 slime creatures
  11 blink frogs
  12 bog bodies
  A boulder beetle (Lair:4)
  3 vampires
  2 shadows
  3 wyverns
  7 hippogriffs
  4 wraiths (Lair:4)
  32 yaks
  Eustachio (D:5)
  23 vampire mosquitoes
  5 basilisks
  Grum (D:11)
  A hungry ghost (D:8)
  2 steam dragons (Lair:8)
  2 mottled dragons
  4 wargs
  17 swamp worms
  4 insubstantial wisps (Swamp:3)
  11 water moccasins
  8 porcupines
  4 swamp drakes
  8 wasps
  A black bear (D:13)
  22 orc warriors
  4 ice beasts
  3 sky beasts
  4 phantoms
  4 centaurs
  A necrophage (D:7)
  34 ogres
  33 wolves
  Blork the orc (D:6)
  21 crocodiles
  2 big kobolds
  20 giant frogs
  A wyvern skeleton (D:10)
  7 scorpions
  3 jellies
  8 killer bees
  6 wights
  2 electric eels
  9 howler monkeys
  A small abomination (Swamp:4)
  5 crimson imps
  2 giant frog zombies
  2 quasits
  2 giant frog skeletons
  4 hounds
  A centaur zombie (D:5)
  A gnoll shaman (D:4)
  20 orc priests
  15 orc wizards
  13 iguanas
  Ijyb (D:3)
  10 worker ants
  17 sheep
  An ogre zombie (Orc:1)
  A hound skeleton (D:7)
  A worker ant zombie (D:5)
  17 gnolls
  12 adders
  33 river rats
  3 shadow imps
  An ooze (D:5)
  An adder skeleton (D:8)
  An adder zombie (D:6)
  3 worms
  2 dart slugs
  6 giant geckos
  77 orcs
  3 bats
  5 giant cockroaches
  8 goblins
  9 hobgoblins
  7 jackals
  6 quokkas
  A ball python (D:2)
  6 giant newts
  13 kobolds
  A quokka zombie (D:5)
  12 rats
  2 briar patches (Swamp:4)
  6 fungi
  3 plants
883 creatures vanquished.

Vanquished Creatures (collateral kills)
  A vault guard (D:14)
  5 hydras
  A catoblepas (D:14)
  A death knight (D:14)
  An alligator (Swamp:1)
  7 orc high priests (Orc:2)
  4 slime creatures (D:12)
  A centaur zombie (D:14)
  A spiny frog (Lair:3)
  An ice dragon zombie (D:15)
  A yak (Lair:5)
  A basilisk (Lair:5)
  2 wargs (Orc:2)
  2 orc warriors (D:15)
  7 orc priests (Orc:2)
  A river rat (Lair:3)
  11 orcs
48 creatures vanquished.

Vanquished Creatures (others)
  A briar patch (Swamp:4)
  4 fungi
  A plant (Lair:3)
  3 withered plants (D:15)
9 creatures vanquished.

Grand Total: 940 creatures vanquished

Notes
Turn   | Place    | Note
--------------------------------------------------------------
     0 | D:1      | Galewin the Minotaur Berserker began the quest for the Orb.
     0 | D:1      | Reached XP level 1. HP: 19/19 MP: 0/0
    95 | D:1      | Reached skill level 4 in Axes
    99 | D:1      | Reached XP level 2. HP: 16/27 MP: 1/1
   631 | D:2      | Reached XP level 3. HP: 31/33 MP: 2/2
   792 | D:2      | Reached ** piety under Trog
  1259 | D:3      | Noticed Ijyb
  1260 | D:3      | Found a shattered altar of Ashenzari.
  1273 | D:3      | Killed Ijyb
  1273 | D:3      | Reached skill level 5 in Axes
  1273 | D:3      | Reached XP level 4. HP: 37/41 MP: 3/3
  2033 | D:4      | Reached XP level 5. HP: 43/47 MP: 4/4
  2064 | D:4      | Noticed an ogre
  2067 | D:4      | Killed an ogre
  2067 | D:4      | Reached skill level 5 in Fighting
  2067 | D:4      | Reached skill level 6 in Axes
  2177 | D:4      | Found a basalt altar of Yredelemnul.
  2217 | D:4      | Reached XP level 6. HP: 44/56 MP: 5/5
  2332 | D:4      | Noticed Grinder
  2350 | D:4      | Killed Grinder
  2350 | D:4      | Reached *** piety under Trog
  2350 | D:4      | Reached skill level 7 in Axes
  2387 | D:4      | Reached XP level 7. HP: 44/61 MP: 6/6
  2687 | D:5      | Entered Level 5 of the Dungeon
  2744 | D:5      | Reached skill level 8 in Axes
  2759 | D:5      | Reached skill level 5 in Dodging
  2972 | D:5      | Found a sacrificial altar of Ru.
  3038 | D:5      | Reached XP level 8. HP: 68/68 MP: 7/7
  3047 | D:5      | Reached skill level 9 in Axes
  3099 | D:5      | You fall through a shaft!
  3110 | D:6      | Reached skill level 5 in Armour
  3215 | D:5      | Noticed Eustachio
  3222 | D:5      | Killed Eustachio
  3527 | D:6      | Noticed Blork the orc
  3536 | D:6      | Killed Blork the orc
  3536 | D:6      | Reached **** piety under Trog
  3536 | D:6      | Reached skill level 10 in Axes
  3920 | D:6      | Found a basalt altar of Yredelemnul.
  4136 | D:7      | Found a staircase to the Ecumenical Temple.
  4151 | D:7      | Reached XP level 9. HP: 74/74 MP: 8/8
  4212 | D:7      | Found a shimmering altar of Xom.
  4213 | D:7      | Found a sparkling altar of Nemelex Xobeh.
  4213 | D:7      | Found an ancient bone altar of Kikubaaqudgha.
  4229 | D:7      | Reached skill level 11 in Axes
  4230 | D:7      | Found a bloodstained altar of Trog.
  4277 | D:7      | Found an opulent altar of Gozag.
  4373 | D:7      | Noticed junkhipster's ghost (novice GrFi)
  4404 | D:7      | Killed junkhipster's ghost
  4847 | D:7      | Reached skill level 12 in Axes
  4989 | D:8      | Found an iron altar of Okawaru.
  5097 | D:8      | Found an opulent altar of Gozag.
  5131 | D:8      | Reached ***** piety under Trog
  5302 | D:8      | Found a blossoming altar of Fedhas.
  5303 | D:8      | Found a glowing golden altar of the Shining One.
  5529 | D:8      | Reached XP level 10. HP: 81/81 MP: 9/9
  5730 | D:9      | Found a stormy altar of Qazlal.
  5908 | D:9      | Found an oddly glowing altar of Pakellas.
  6119 | D:9      | Received a gift from Trog
  6205 | D:9      | Reached skill level 13 in Axes
  6416 | D:10     | Entered Level 10 of the Dungeon
  6429 | D:10     | Noticed Harold
  6443 | D:10     | Killed Harold
  6526 | D:10     | Reached skill level 14 in Axes
  6634 | D:10     | Found a staircase to the Lair.
  6724 | D:10     | Killed an unseen horror
  6724 | D:10     | Reached XP level 11. HP: 82/86 MP: 3/10
  7121 | D:11     | Reached skill level 10 in Armour
  7180 | D:11     | Noticed Gastronok
  7187 | D:11     | Noticed Grum
  7193 | D:11     | Killed Gastronok
  7193 | D:11     | Reached skill level 15 in Axes
  7198 | D:11     | Killed Grum
  7198 | D:11     | Reached skill level 10 in Dodging
  7198 | D:11     | Received a gift from Trog
  7271 | D:11     | Noticed a hill giant
  7272 | D:11     | Killed an unseen horror
  7283 | D:11     | Killed a hill giant
  7555 | D:11     | Identified 4 scrolls of acquirement
  7635 | D:11     | Found a staircase to the Orcish Mines.
  7793 | D:12     | Found a blossoming altar of Fedhas.
  7945 | D:12     | Noticed a centaur warrior
  7946 | D:12     | Reached skill level 16 in Axes
  7955 | D:12     | Killed a centaur warrior
  7955 | D:12     | Reached XP level 12. HP: 92/94 MP: 3/11
  8050 | D:12     | Received a gift from Trog
  8081 | D:12     | Found Tobruhet's Book Shoppe.
  8842 | D:13     | Noticed Rupert
  8843 | D:13     | Paralysed by Rupert for 3 turns
  8852 | D:13     | Killed Rupert
  8852 | D:13     | Reached skill level 17 in Axes
  8865 | D:13     | You fall through a shaft!
  8906 | D:14     | Found a radiant altar of Vehumet.
  8984 | D:13     | Noticed dearth's ghost (journeyman HOFi)
  8998 | D:13     | Killed dearth's ghost
  9589 | D:14     | Noticed a vault guard
  9594 | D:14     | Noticed a death knight
  9594 | D:14     | Noticed a catoblepas
  9646 | D:14     | Killed a death knight
  9647 | D:14     | Killed a catoblepas
  9647 | D:14     | Reached XP level 13. HP: 79/100 MP: 4/12
  9650 | D:14     | Killed a vault guard
  9679 | D:14     | Noticed a vault guard
  9688 | D:14     | Noticed a vault guard
  9719 | D:14     | Killed a vault guard
  9719 | D:14     | Reached skill level 18 in Axes
  9727 | D:14     | Killed a vault guard
  9730 | D:14     | Noticed a vault guard
  9739 | D:14     | Killed a vault guard
  9803 | D:14     | Found a gate to the Vaults.
  9814 | D:14     | Received a gift from Trog
 10066 | D:15     | Entered Level 15 of the Dungeon
 10100 | D:15     | Found a staircase to the Depths.
 10314 | D:15     | Noticed Nessos
 10953 | D:15     | Received a gift from Trog
 11031 | D:15     | Killed Nessos
 11031 | D:15     | Reached skill level 19 in Axes
 11233 | D:15     | Found Wune Tuw's Food Shoppe.
 11565 | Orc:1    | Entered Level 1 of the Orcish Mines
 11584 | Orc:1    | Reached XP level 14. HP: 107/107 MP: 4/13
 11656 | Orc:1    | Received a gift from Trog
 11901 | Orc:1    | Found a dark tunnel.
 11917 | Volcano  | Entered a volcano
 12274 | Orc:2    | Entered Level 2 of the Orcish Mines
 12371 | Orc:2    | Noticed Maurice
 12383 | Orc:2    | Killed Maurice
 12424 | Orc:2    | Found a staircase to the Elven Halls.
 12491 | Orc:2    | Found Kafuxiol's General Store.
 12534 | Orc:2    | Received a gift from Trog
 12553 | Orc:2    | Found Veunacio's Distillery.
 12559 | Orc:2    | Bought a scroll of teleportation for 45 gold pieces
 12559 | Orc:2    | Bought a scroll of teleportation for 45 gold pieces
 12588 | Orc:2    | Found a roughly hewn altar of Beogh.
 12628 | Orc:2    | Reached skill level 20 in Axes
 12652 | Orc:2    | Found a radiant altar of Vehumet.
 12774 | Orc:2    | Found Aratunef's Magic Scroll Shop.
 12931 | Orc:2    | Found Myuxut's Antique Armour Emporium.
 12944 | Orc:2    | Bought a dazzling plate armour for 1008 gold pieces
 12944 | Orc:2    | Identified the +12 plate armour "Miyqumiyri" {rF- Int-5 Dex+7 Stlth+} (You bought it in a shop on level 2 of the Orcish Mines)
 12955 | Orc:2    | Lost intelligence.
 13376 | Lair:1   | Entered Level 1 of the Lair of Beasts
 13851 | Lair:1   | Received a gift from Trog
 14093 | Lair:2   | Found a frozen archway.
 14116 | Lair:2   | Noticed Urug
 14126 | Lair:2   | Killed Urug
 14803 | Lair:3   | Reached skill level 15 in Armour
 15698 | Lair:4   | Noticed Josephine
 15707 | Lair:4   | Killed Josephine
 15744 | Lair:4   | Received a gift from Trog
 16208 | Lair:5   | Reached XP level 15. HP: 115/115 MP: 4/14
 16385 | Lair:5   | Found a staircase to the Swamp.
 17154 | Lair:6   | Found a hole to the Spider Nest.
 17520 | Lair:7   | Found a staircase to the Slime Pits.
 17521 | Lair:7   | Found a viscous altar of Jiyva.
 17688 | Lair:8   | Entered Level 8 of the Lair of Beasts
 18341 | Lair:8   | Received a gift from Trog
 18532 | Swamp:1  | Entered Level 1 of the Swamp
 18624 | Swamp:1  | Reached skill level 15 in Dodging
 19595 | Swamp:2  | Reached XP level 16. HP: 65/132 MP: 5/15
 20715 | Swamp:3  | Noticed a thorn hunter
 20721 | Swamp:3  | Killed a thorn hunter
 20872 | Swamp:3  | Reached skill level 10 in Fighting
 20909 | Swamp:3  | Noticed a thorn hunter
 20919 | Swamp:3  | Killed a thorn hunter
 21345 | Swamp:4  | Entered Level 4 of the Swamp
 21409 | Swamp:4  | Noticed a thorn hunter
 21421 | Swamp:4  | Killed a thorn hunter
 21495 | Swamp:4  | Noticed a thorn hunter
 21578 | Swamp:4  | Killed a thorn hunter
 21742 | Swamp:4  | Noticed a thorn hunter
 21752 | Swamp:4  | Killed a thorn hunter
 21850 | Swamp:4  | Noticed a thorn hunter
 21867 | Swamp:4  | Killed a thorn hunter
 21949 | Swamp:4  | Noticed a Hell Sentinel
 21959 | Swamp:4  | Killed from afar by a Hell Sentinel

Skill      XL: |  1  2  3  4  5  6  7  8  9 10 11 12 13 14 15 16 |
---------------+-------------------------------------------------+-----
Axes           | 4 5 6 7 8 10 12 14 16 17 19 20 | 20.6
Fighting       | 4 5 6 9 10 | 10.9
Dodging        | 3 4 5 6 8 9 10 12 13 14 15 | 15.9
Armour         | 3 4 6 8 9 11 12 14 15 17 19 | 19.0

Action                   |  1- 3 |  4- 6 |  7- 9 | 10-12 | 13-15 | 16-18 || total
-------------------------+-------+-------+-------+-------+-------+-------++-------
Melee: Hand axe          |   114 |   102 |   368 |    61 |       |       ||   645
       Headbutt          |    14 |    18 |    74 |    93 |   251 |    73 ||   523
       Battleaxe         |       |       |       |   398 |  1018 |   235 ||  1651
Invok: Berserk           |       |       |     9 |    12 |    16 |     5 ||    42
       Burn Spellbooks   |       |       |     2 |     4 |     2 |       ||     8
       Brothers in Arms  |       |       |       |     2 |    15 |     1 ||    18
       Trog's Hand       |       |       |       |       |     7 |     2 ||     9
  Use: Scroll            |     3 |     1 |     7 |    13 |     9 |       ||    33
       Potion            |       |       |       |       |     1 |       ||     1
  Eat: Chunk             |     1 |     4 |    15 |    18 |    22 |       ||    60
       Meat ration       |       |       |     1 |     1 |     6 |     3 ||    11
       Pizza             |       |       |       |     1 |     1 |     1 ||     3
       Beef jerky        |       |       |       |     1 |       |       ||     1
       Fruit             |       |       |       |       |     7 |       ||     7
       Bread ration      |       |       |       |       |     1 |       ||     1
Armor: Plate armour      |    83 |    45 |   150 |   262 |   673 |   208 ||  1421
       Animal skin       |     1 |       |       |       |       |       ||     1
Dodge: Dodged            |    48 |    30 |   125 |   226 |   977 |   306 ||  1712
